Map: Zen LE

Players

Rogue - Winner!

  • Race: Zerg Zerg
  • Spawn Location: 7:00

Zest

  • Race: Protoss Protoss
  • Spawn Location: 1:00

Event: IEM Katowice 2020

VOD

https://youtu.be/tBdMdNLjtbU?t=2322

Description

Time

  • Played on: March 1, 2020, 7:40 a.m.
  • Length: 7:46

All games in this series

Show
View Real Time Build Order
Export as new Build Order

Rogue Zerg - Winner!

Build Orders: Hatch First 

Get SALT Encoding   

  12  0:00  Drone  
  13  0:12  Overlord  
  13  0:17  Drone  
  14  0:31  Drone  
  15  0:36  Drone  
  15  0:37  Drone  
  17  0:52  Hatchery  
  17  0:55  Drone  
  17  0:57  Drone  
  18  1:08  Extractor  
  17  1:12  Spawning Pool  
  17  1:16  Drone  
  17  1:19  Drone  
  18  1:28  Drone  
  19  1:39  Overlord  
  19  1:50  Drone  
  20  1:59  Queen  
  20  2:00  Zergling x2  
  23  2:04  Queen  
  23  2:05  Zergling x2  
  26  2:08  Metabolic Boost  
  26  2:12  Drone  
  27  2:16  Drone  
  27  2:22  Drone  
  29  2:34  Zergling x2  
  29  2:35  Drone  
  31  2:42  Hatchery  
  31  2:44  Zergling x4  
  32  2:56  Overlord  
  32  2:57  Drone  
  32  2:58  Drone  
  34  3:00  Queen  
  36  3:15  Drone  
  36  3:16  Drone x4  
  41  3:24  Drone, Overlord  
  42  3:27  Spore Crawler  
  42  3:31  Drone  
  41  3:36  Queen  
  44  3:42  Evolution Chamber  
  44  3:43  Drone  
  44  3:44  Drone x3  
  44  3:47  Drone x2  
  48  3:54  Zergling x4  
  50  3:55  Queen  
  50  4:01  Zergling x2  
  50  4:06  Zergling x2, Overlord  
  50  4:07  Zergling x2  
  50  4:09  Zerg Melee Weapons Level 1  
  52  4:11  Drone x2  
  55  4:17  Drone x3  
  57  4:27  Spore Crawler  
  57  4:28  Spore Crawler  
  57  4:29  Zergling x2, Spore Crawler  
  57  4:30  Zergling x6  
  57  4:36  Zergling x2  
  58  4:40  Zergling x2  
  56  4:47  Zergling x6  
  56  4:50  Drone x6  
  64  4:57  Lair  
  64  4:59  Drone x2  
  66  5:02  Overlord  
  66  5:05  Extractor x2, Overlord  
  66  5:06  Roach Warren  
  62  5:13  Overlord  
  62  5:15  Extractor  
  62  5:18  Drone x4  
  62  5:19  Overlord  
  65  5:29  Drone x6  
  65  5:30  Drone x2  
  73  5:38  Drone x4  
  77  5:45  Zergling x4  
  77  5:46  Baneling Nest  
  77  5:47  Overlord  
  78  5:50  Extractor  
  78  5:51  Extractor, Drone x2  
  78  5:56  Zergling x6  
  78  5:57  Zergling x6  
  81  5:58  Hydralisk Den  
  81  6:02  Zergling x4, Overseer  
  82  6:04  Zergling x2  
  82  6:05  Zergling x2  
  82  6:08  Zergling x4  
  84  6:13  Zergling x2  
  84  6:16  Zergling x2  
  82  6:19  Zergling x2  
  82  6:23  Zergling x2  
  82  6:24  Zergling x10  
  88  6:26  Overlord  
  88  6:27  Zergling x2  
  87  6:34  Zergling x2  
  87  6:37  Zergling x2  
  87  6:38  Zergling x4  
  87  6:39  Zergling x2  
  90  6:45  Zergling x2  
  90  6:46  Zergling x2  
  88  6:49  Zergling x2  
  88  6:50  Zergling x6  
  88  6:51  Zergling x2  
  90  6:55  Zergling x2  
  90  6:56  Zergling x4  
  90  6:57  Zergling x2  
  89  7:02  Zergling x8  
  89  7:09  Zergling x4  
  89  7:11  Zergling x2  
  89  7:19  Zergling x6  
  89  7:21  Hatchery, Baneling x2  
  89  7:22  Baneling  
  88  7:23  Zergling x10  
  88  7:26  Zergling x2  
Show
View Real Time Build Order
Export as new Build Order

Zest Protoss 

Build Orders: 1 Gate Expand, Zealot Archon, Archon Drop, Dark Templar Rush 

Get SALT Encoding   

  12  0:00  Probe  
  13  0:13  Pylon  
  13  0:17  Probe (Chrono Boost)  
  14  0:27  Probe (Chrono Boost)  
  15  0:32  Probe (Chrono Boost)  
  16  0:39  Gateway  
  16  0:44  Probe  
  16  0:49  Assimilator  
  17  0:56  Probe  
  18  1:08  Probe  
  19  1:20  Probe  
  20  1:26  Cybernetics Core  
  20  1:35  Nexus  
  20  1:38  Probe  
  21  1:45  Pylon  
  21  1:50  Probe  
  21  1:53  Assimilator  
  22  2:00  Adept (Chrono Boost)  
  22  2:02  Probe  
  22  2:06  Warp Gate  
  25  2:14  Probe  
  26  2:23  Adept  
  26  2:26  Probe  
  29  2:30  Twilight Council  
  29  2:38  Probe  
  30  2:45  Pylon  
  30  2:49  Probe  
  30  2:50  Probe  
  32  2:53  Stalker (Chrono Boost)  
  34  3:01  Probe  
  34  3:03  Probe  
  36  3:09  Dark Shrine  
  36  3:15  Gateway  
  36  3:16  Probe  
  37  3:20  Probe  
  38  3:29  Pylon  
  38  3:35  Robotics Facility  
  38  3:36  Probe (Chrono Boost)  
  40  3:41  Probe (Chrono Boost)  
  40  3:44  Gateway  
  40  3:47  Probe (Chrono Boost)  
  39  3:50  Gateway  
  37  4:03  Probe x2 (Chrono Boost)  
  39  4:14  Probe x2 (Chrono Boost)  
  41  4:19  Probe x2 (Chrono Boost)  
  41  4:20  Dark Templar  
  41  4:21  Dark Templar  
  47  4:28  Nexus  
  47  4:29  Probe x2  
  49  4:35  Robotics Facility  
  49  4:48  Archon  
  49  4:50  Probe (Chrono Boost)  
  49  4:52  Probe (Chrono Boost)  
  51  4:54  Assimilator  
  51  4:55  Dark Templar  
  51  4:58  Assimilator  
  53  5:02  Probe (Chrono Boost)  
  53  5:03  Dark Templar  
  57  5:07  Probe (Chrono Boost)  
  57  5:10  Probe (Chrono Boost)  
  57  5:11  Gateway  
  57  5:13  Forge  
  58  5:14  Probe  
  58  5:20  Probe  
  60  5:25  Archon  
  60  5:26  Probe  
  60  5:28  Warp Prism (Chrono Boost)  
  61  5:32  Pylon  
  62  5:40  Pylon, Stalker x2  
  66  5:43  Dark Templar  
  66  5:44  Dark Templar  
  66  5:47  Probe (Chrono Boost)  
  73  5:50  Probe x2 (Chrono Boost)  
  73  5:51  Archon  
  70  5:58  Probe (Chrono Boost)  
  66  6:07  Zealot x2  
  69  6:14  Probe  
  69  6:15  Probe  
  69  6:17  Zealot  
  69  6:18  Zealot  
  67  6:20  Probe  
  64  6:26  Probe  
  64  6:27  Probe  
  64  6:30  Adept x2  
  64  6:32  Probe  
  71  6:39  Zealot x2  
  69  6:51  Dark Templar x2  
  60  7:02  Dark Templar x2  
  60  7:03  Probe (Chrono Boost)  
  60  7:04  Probe (Chrono Boost)  
  60  7:07  Probe (Chrono Boost)  
  60  7:15  Probe x2 (Chrono Boost)  
  60  7:17  Probe (Chrono Boost)  
  60  7:20  Probe x2 (Chrono Boost)  
  53  7:24  Dark Templar  
  53  7:27  Probe  
  52  7:30  Probe  
  52  7:32  Probe  
  53  7:39  Zealot x2  

Tags
 
Add a new tag
Caveats
  • Supply blocks, unpowered buildings, or Contaminate may cause inaccurate times.
  • Supply counts are checked every 10 seconds.